 Dungeon Crawl Stone Soup version 0.30.1-9-gdf580d7c3d (webtiles) character file.

Game seed: 16640963864011755929

815 pkoi the Insei (level 7, 0/61 HPs)
             Began as a Yellow Draconian Monk on Oct 24, 2023.
             Was a Priest of Ru.
             Slain by Duvessa
             ... wielding a +0 short sword
              (5 damage)
             ... on level 4 of the Dungeon.
             The game lasted 00:07:18 (3746 turns).

pkoi the Insei (Yellow Draconian Monk)              Turns: 3746, Time: 00:07:19

Health: 0/61       AC:  8    Str: 13    XL:     7   Next: 62%
Magic:  7/7        EV: 13    Int: 12    God:    Ru [***...]
Gold:   165        SH:  0    Dex: 14    Spells: 6/6 levels left

rFire   . .          .
                       - Unarmed
rCold   . . .        (shield unavailable)
rNeg    . . .        (body armour unavailable)
rPois   +            (helmet restricted)
rElec   .            e - +1 cloak
rCorr   +            (no gloves)
SInv    .            (no boots)
Will    .....        (no amulet)
Stlth   +            (ring unavailable)
HPRegen 0.30/turn    h - ring of poison resistance
MPRegen 0.10/turn

%: no passive effects
@: about to teleport, short of breath
A: spit acid, AC +6, unfitting armour, cold-blooded, missing a hand, acid
resistance
a: Breathe Acid, Renounce Religion, Draw Out Power


You were on level 4 of the Dungeon.
You worshipped Ru.
Ru was most pleased with you.
You visited 2 branches of the dungeon, and saw 5 of its levels.

You collected 165 gold pieces.

Inventory:

Hand Weapons
 d - a +0 sling
 t - a +1 short sword of speed
Armour
 b - an orb of light
 e - a +1 cloak (worn)
Jewellery
 h - a ring of poison resistance (right hand)
Wands
 g - a wand of iceblast (9)
 o - a wand of charming (9)
 p - a wand of flame (23)
 s - a wand of light (11)
Scrolls
 c - a scroll of fear
 n - a scroll of poison
Potions
 a - a potion of ambrosia
 f - 2 potions of mutation
 i - a potion of berserk rage
 j - a potion of brilliance
 l - a potion of flight
 m - a potion of heal wounds


   Skills:
 + Level 5.5 Fighting
 + Level 4.6 Dodging
 * Level 7.0 Unarmed Combat


You had 6 spell levels left.
You didn't know any spells.
Your spell library contained the following spells:

 Spells                   Type           Power      Damage    Failure   Level
 Scorch                   Fire           0%         2d5       45%         2
 Dazzling Flash           Conj/Hex       0%         N/A       69%         3
 Ozocubu's Armour         Ice            0%         N/A       69%         3
 Flame Wave               Conj/Fire      0%         2d4       97%         4
 Agony                    Necr           0%         N/A       100%        5
 Metabolic Englaciation   Hex/Ice        0%         N/A       100%        5
 Silence                  Hex/Air        0%         N/A       100%        5
 Simulacrum               Ice/Necr       0%         N/A       100%        6
 Summon Cactus Giant      Summ           0%         N/A       100%        6


Dungeon Overview and Level Annotations

Branches:
Dungeon (4/15)             Temple (1/1) D:4

Altars:
Cheibriados
Fedhas
Gozag
Ru
Uskayaw
Xom
Zin
The Shining One

Annotations:
D:4 Dowan, Duvessa


Innate Abilities, Weirdness & Mutations

You can spit globs of acid.
Your golden yellow scales are hard. (AC +6)
You cannot fit into any form of body armour.
You are cold-blooded and may be slowed by cold attacks.
You are missing a hand.
You are resistant to acid. (rCorr)


Message History

You hit the scorpion.
You tail-slap the scorpion, but do no damage.
The scorpion is almost dead.
Duvessa completely misses you. The scorpion closely misses you.
Duvessa closely misses you. The scorpion closely misses you.
You closely miss the scorpion.
The scorpion is almost dead.
Dowan begins to cast a spell, but is stunned by your conviction!
Duvessa hits you with a +0 short sword.
* * * LOW HITPOINT WARNING * * *
The scorpion stings you but does no damage.
You barely miss the scorpion.
You tail-slap the scorpion, but do no damage.
The scorpion is almost dead.
Duvessa is stunned by your conviction and fails to attack.
The scorpion stings you.
* * * LOW HITPOINT WARNING * * *
You hit the scorpion.
You kill the scorpion!
Duvessa stops glowing.
Duvessa hits you with a +0 short sword.
* * * LOW HITPOINT WARNING * * *
Duvessa is stunned by your conviction and fails to attack.
Your Unarmed Combat skill increases to level 7!
Press: ? - help, Shift-Dir - straight line, f - Duvessa
Aim: Duvessa, wielding a +0 short sword and wearing a +0 scale mail (lightly wounded, fast, 74% to hit)
You spit a glob of acid.
The glob of acid hits Duvessa!
The acid splashes onto Dowan!
Dowan is splashed with acid!
The acid corrodes Dowan!
The acid splashes onto the orc!
The orc is splashed with acid!
You kill the orc!
Duvessa is heavily wounded.
Dowan says, "My weaknesses are her strengths!"
Duvessa hits you with a +0 short sword.
* * * LOW HITPOINT WARNING * * *
The hobgoblin hits you with a +0 short sword.
* * * LOW HITPOINT WARNING * * *
Unknown command.
As you read the scroll of teleportation, it crumbles to dust.
You feel strangely unstable. Duvessa hits you with a +0 short sword.
You die...

..###.... # .......o.
.#..#. #....... #.....
.##...... . #.#...
......##.. ###.#...
......... .#......# #....#
#........#####oo..#
#####.......)##.@eeo..#
...............g###o......
.......##.##.......>......
........#.#...####.>.##...
......#.....#........S. ..
......##...##.###.....# .
........._....#.. ....#
......##...##......# #
#.....#.....#....#.# .#


You could see Duvessa (fast), Dowan (corroded), 4 orcs and a hobgoblin.

Vanquished Creatures
  Sigmund (D:3)
  2 scorpions (D:4)
  3 orc priests
  Crazy Yiuf (D:3)
  Ijyb (D:2)
  An iguana (D:4)
  5 orc wizards (D:4)
  Robin (D:2)
  6 gnolls
  6 adders
  A worm (D:3)
  A dart slug (D:1)
  16 orcs
  10 ball pythons
  7 bats
  9 endoplasms
  2 giant cockroaches
  13 goblins
  11 hobgoblins
  4 jackals (D:1)
  12 kobolds
  7 quokkas
  5 frilled lizards
  5 rats
130 creatures vanquished.

Notes
Turn   | Place    | Note
-------+----------+-------------------------------------------
     0 | D:1      | pkoi the Draconian Monk began the quest for the Orb.
     0 | D:1      | Reached XP level 1. HP: 19/19 MP: 1/1
   128 | D:1      | Reached XP level 2. HP: 26/26 MP: 2/2
   365 | D:1      | Reached skill level 4 in Unarmed Combat
   473 | D:1      | Reached XP level 3. HP: 30/31 MP: 3/3
   944 | D:2      | Found a blossoming altar of Fedhas.
  1338 | D:2      | Reached XP level 4. HP: 40/40 MP: 4/4
  1666 | D:3      | Noticed Ijyb
  1691 | D:2      | Killed Ijyb
  1753 | D:3      | Identified the +1 helmet "Ejick" {+Blink rPois rN+++ Int-3}
  1753 | D:3      | Noticed Robin
  1865 | D:2      | Killed Robin
  1893 | D:2      | Reached XP level 5. HP: 31/46 MP: 5/5
  1955 | D:3      | Reached skill level 5 in Unarmed Combat
  2217 | D:3      | Found a sacrificial altar of Ru.
  2228 | D:3      | Became a worshipper of Ru the Awakened
  2229 | D:3      | Gained mutation: You are missing a hand. [Ru sacrifice]
  2229 | D:3      | Reached * piety under Ru
  2229 | D:3      | Reached ** piety under Ru
  2229 | D:3      | Reached *** piety under Ru
  2390 | D:3      | Found a runed translucent door.
  2391 | D:3      | Noticed Crazy Yiuf
  2402 | D:3      | Killed Crazy Yiuf
  2571 | D:3      | Reached XP level 6. HP: 33/53 MP: 6/6
  2767 | D:3      | Noticed Sigmund
  2779 | D:3      | Killed Sigmund
  2780 | D:3      | Reached skill level 6 in Unarmed Combat
  3219 | D:4      | Reached skill level 5 in Fighting
  3219 | D:4      | Your scales start taking on a golden yellow colour.
  3219 | D:4      | Reached XP level 7. HP: 41/61 MP: 7/7
  3219 | D:4      | Gained mutation: You are resistant to acid. (rCorr) [Yellow
                  | Draconian growth]
  3511 | D:4      | Found a staircase to the Ecumenical Temple.
  3538 | Temple   | Entered the Ecumenical Temple
  3697 | D:4      | Found a snail-covered altar of Cheibriados.
  3719 | D:4      | Noticed Duvessa
  3719 | D:4      | Noticed Dowan
  3745 | D:4      | Reached skill level 7 in Unarmed Combat
  3746 | D:4      | Slain by Duvessa

Illustrated notes

Levels and vault maps discovered:
D:1:      lightli_arrival_lavapool, layout_basic, serial_bayou_crossing
D:2:      layout_basic, basic_altar, grunt_decor_fettered
D:3:      layout_rooms, hangedman_ru_absence, uniq_robin, uniq_ijyb,
          uniq_crazy_yiuf_cottage, uniq_sigmund
D:4:      layout_rooms, mainiacjoe_overflow_small_starburst,
          minmay_temple_entry_sparse_star, ebering_ghost_disaster_area,
          minmay_box_of_dots, uniq_duvessa
Temple:   nicolae_temple_two_arcs

Skill      XL: |  1  2  3  4  5  6  7 |
---------------+----------------------+-----
Unarmed Combat | 4 5 6 7 |  7.0
Dodging        | 3 4 |  4.6
Fighting       | 4 5 |  5.5

Action                     |  1- 3 |  4- 6 |  7- 9 || total
---------------------------+-------+-------+-------++-------
  Melee: Unarmed           |   112 |   216 |    68 ||   396
         Tailslap          |    18 |    40 |     7 ||    65
 Invoke: Sacrifice a Hand  |       |     1 |       ||     1
Ability: Breathe Acid      |       |       |     3 ||     3
    Use: Scroll            |     8 |     1 |     4 ||    13
         Potion            |     1 |     1 |     3 ||     5
   Stab: Distracted        |       |     1 |       ||     1
         Confused          |       |     1 |       ||     1
         Invisible         |       |     1 |       ||     1
 Armour: Skin              |    41 |    56 |    33 ||   130
  Dodge: Dodged            |    88 |   168 |    45 ||   301
